cohdb
Replays
Latest Replays
All Replays
Popular Replays
Top Player Replays
Match Explorer
How It Works
Community
CoH3 Stats
Reddit
Sign in to upload your games and track your stats! →
Sign in with Steam
Match 45877487
Unlisted
Match 45877487
Overview
Messages
Build Orders
End
Engineer Squad
Construct Barracks
Selects Special Operations Battlegroup
Selects M29 Weasel Recon Vehicle
M29 Weasel Recon Vehicle
Riflemen Squad
Riflemen Squad
Grenade Package
Mechanized Support Center
Construct Motor Pool
Selects Raiding Flares
Engineer Squad
Designate Forward Repair Station
M8 Greyhound Armored Car
M1 Anti-tank Gun Team
M1 Anti-tank Gun Team
Construct Medical Station
Construct Medical Station
Selects SSF Commando Squad
SSF Commando Squad
Selects Mark Vehicle
M8 Greyhound Armored Car
M8 Greyhound Armored Car
M24 Chaffee Light Tank
Raiding Flares
M24 Chaffee Light Tank
Selects M4A1 Sherman Whizbang
Salvage Crew
Raiding Flares
Benzino Napaloni
Modus
76561199424265209
DebaKLeTV
0
0
Comments
sign in to comment!
No comments posted yet!